 Dungeon Crawl Stone Soup version 0.29.1-15-g9cfb28693d (webtiles) character file.

Game seed: 2670658909606269216

1578 Peloso the Covered (level 8, -2/70 HPs)
             Began as a Minotaur Fighter on Apr 29, 2023.
             Was an Initiate of Okawaru.
             Slain by a wyvern (8 damage)
             ... on level 5 of the Dungeon.
             The game lasted 00:10:27 (7190 turns).

Peloso the Covered (Minotaur Fighter)               Turns: 7190, Time: 00:10:28

Health: -2/70      AC:  8    Str: 22    XL:     8   Next: 60%
Magic:  7/7        EV: 10    Int:  5    God:    Okawaru [......]
Gold:   261        SH:  5    Dex: 11    Spells: 7/7 levels left

rFire   . . .      SeeInvis .   a - +1 long sword
rCold   . . .      Faith    .   c - +0 buckler
rNeg    . . .      Spirit   .   b - +0 scale mail
rPois   .          Reflect  .   (helmet restricted)
rElec   .          Harm     .   (no cloak)
rCorr   .          Rampage  .   (no gloves)
Will    .....                   (no boots)
Stlth   ..........              (no amulet)
HPRegen 0.21/turn               (no ring)
MPRegen 0.10/turn               (no ring)

@: no status effects
A: horns 2, retaliatory headbutt
a: Renounce Religion


You were on level 5 of the Dungeon.
You worshipped Okawaru.
Okawaru was noncommittal.
You visited 2 branches of the dungeon, and saw 7 of its levels.

You collected 261 gold pieces.

Inventory:

Hand Weapons
 a - a +1 long sword (weapon)
Armour
 b - a +0 scale mail (worn)
 c - a +0 buckler (worn)
Jewellery
 g - a ring of magical power
Wands
 n - a wand of flame (8)
Scrolls
 f - a scroll of immolation
 i - a scroll of enchant weapon
 k - 2 scrolls of identify
 s - a scroll of enchant armour {unknown}
Potions
 d - 4 potions of might
 e - a potion of flight
 h - 3 potions of resistance
 j - a potion of brilliance {unknown}
 l - 3 potions of curing
 m - a potion of degeneration {unknown}
 o - a potion of attraction {unknown}
 p - 2 potions of berserk rage
 q - a potion of cancellation {unknown}
 r - 3 potions of heal wounds {unknown}


   Skills:
 + Level 6.2 Fighting
 + Level 7.8 Long Blades
 + Level 7.9 Armour
 + Level 3.0 Dodging
 + Level 0.4 Stealth
 + Level 6.1 Shields


You had 7 spell levels left.
You didn't know any spells.
Your spell library was empty.

Dungeon Overview and Level Annotations

Branches:
Dungeon (6/15)             Temple (1/1) D:5

Altars:
Ashenzari
Dithmenos
Elyvilon
Fedhas
Gozag
Hepliaklqana
Kikubaaqudgha
Makhleb
Okawaru
Sif Muna
Trog
Uskayaw
Vehumet
Wu Jian
Xom
Yredelemnul
Zin
The Shining One


Innate Abilities, Weirdness & Mutations

You have a pair of horns on your head.
You reflexively headbutt those who attack you in melee.


Message History

The wyvern attacks as you move away!
The wyvern bites you but does no damage.
The gnoll closely misses you.
There is a stone staircase leading up here.
The wyvern bites you! The wyvern barely misses you. You furiously retaliate!
You headbutt the wyvern. The gnoll barely misses you.
You climb upwards.
There is a stone staircase leading down here.
Unknown command.
You hit the wyvern.
The wyvern is moderately wounded.
You block the wyvern's attack.
You closely miss the wyvern.
The wyvern is moderately wounded.
The wyvern barely misses you. The wyvern bites you!
* * * LOW HITPOINT WARNING * * *
You slash the wyvern!
You headbutt the wyvern, but do no damage.
The wyvern is heavily wounded.
The wyvern completely misses you.
The wyvern bites you but does no damage.
You hit the wyvern.
The wyvern is severely wounded.
You block the wyvern's attack.
You barely miss the wyvern. Your headbutt misses the wyvern.
The wyvern is severely wounded.
The wyvern barely misses you. You block the wyvern's attack.
You barely miss the wyvern.
The wyvern is severely wounded.
The wyvern barely misses you. You block the wyvern's attack.
You hit the wyvern.
The wyvern is almost dead.
The wyvern closely misses you. You furiously retaliate!
You headbutt the wyvern, but do no damage.
You hit the wyvern but do no damage.
The wyvern is almost dead.
The wyvern bites you!
* * * LOW HITPOINT WARNING * * *
The wyvern bites you!
You die...

#### ###### ##..##
##....## ##.##.##
##.l....## ###
##.####.#
#.@......####.# #..#
#.# #.........#..##
##.# #.#
#...........##
#.####.# #...........#
#..##.>#
#...........## #
#..##..#
##............## ##
##..##..#
##...........#..####.
#.......#
##...#......)###..#..#
........#
##...###.....##
#....##


You could see a wyvern.

Vanquished Creatures
  A steam dragon (D:6)
  Duvessa (D:5)
  A water moccasin (D:5)
  2 black bears (D:4)
  An ice beast (D:5)
  2 phantoms
  A scorpion (D:4)
  A necrophage (D:5)
  4 wights
  Dowan (D:5)
  A jelly (D:6)
  An orc priest (D:5)
  3 hounds
  2 gnoll boudas
  An iguana (D:5)
  5 gnolls
  8 adders
  A white imp (D:6)
  An ufetubus (D:5)
  2 worms (D:3)
  2 dart slugs (D:2)
  12 orcs
  6 ball pythons
  4 bats
  7 endoplasms
  7 giant cockroaches
  8 goblins
  6 hobgoblins
  3 jackals (D:3)
  5 kobolds
  3 quokkas
  6 frilled lizards
  7 rats
116 creatures vanquished.

Notes
Turn   | Place    | Note
-------+----------+-------------------------------------------
     0 | D:1      | Peloso the Minotaur Fighter began the quest for the Orb.
     0 | D:1      | Reached XP level 1. HP: 19/19 MP: 0/0
   407 | D:1      | Reached XP level 2. HP: 27/27 MP: 1/1
   655 | D:1      | Found a faded altar of an unknown god.
  1083 | D:2      | Reached XP level 3. HP: 33/33 MP: 2/2
  2108 | D:3      | Found a glowing golden altar of the Shining One.
  2138 | D:3      | Reached XP level 4. HP: 40/40 MP: 3/3
  2209 | D:3      | Found a radiant altar of Vehumet.
  2932 | D:4      | Noticed a black bear
  2942 | D:4      | Killed a black bear
  2943 | D:4      | Reached skill level 1 in Dodging
  2943 | D:4      | Reached XP level 5. HP: 37/47 MP: 4/4
  3436 | D:4      | Reached skill level 5 in Armour
  3436 | D:4      | Reached XP level 6. HP: 30/53 MP: 5/5
  3923 | D:4      | Reached skill level 5 in Long Blades
  3959 | D:4      | Reached skill level 5 in Fighting
  4166 | D:5      | Entered Level 5 of the Dungeon
  4166 | D:5      | Noticed an ice beast
  4177 | D:5      | Killed an ice beast
  4178 | D:5      | Reached XP level 7. HP: 48/61 MP: 6/6
  4534 | D:5      | Reached skill level 5 in Shields
  4842 | D:5      | Found a staircase to the Ecumenical Temple.
  4853 | Temple   | Entered the Ecumenical Temple
  5621 | D:5      | Noticed Duvessa
  5621 | D:5      | Noticed Dowan
  5743 | D:5      | Killed Duvessa
  5744 | D:5      | Reached XP level 8. HP: 30/70 MP: 7/7
  5748 | D:5      | Killed Dowan
  6003 | D:5      | Found an iron altar of Okawaru.
  6401 | D:5      | Became a worshipper of Warmaster Okawaru
  7190 | D:5      | Slain by a wyvern

Illustrated notes

Levels and vault maps discovered:
D:1:      roderic_chinese_lattice_arrival, layout_basic,
          ebering_ecumenical_altar_rust
D:2:      layout_basic
D:3:      layout_loops_ring, tso_altar, nicolae_vehumet_altar_sigil
D:4:      layout_loops_ring, minmay_misc_feat_x, kennysheep_generic_room_11
D:5:      layout_layer_cave, okawaru_trees_2, temple_fountains, uniq_duvessa
D:6:      cheibrodos_helix_gallery, layout_rooms, chequers_serial_rivers_marsh,
          uniq_prince_ribbit1
Temple:   eino_wide_crystal_templ

Skill      XL: |  1  2  3  4  5  6  7  8 |
---------------+-------------------------+-----
Fighting       | 4 5 6 |  6.2
Shields        | 4 5 6 |  6.1
Armour         | 4 5 6 7 |  7.9
Long Blades    | 3 4 5 7 |  7.8
Dodging        | 1 2 3 |  3.0
Stealth        | |  0.4

Action                   |  1- 3 |  4- 6 |  7- 9 || total
-------------------------+-------+-------+-------++-------
Melee: Long sword        |   111 |   113 |   148 ||   372
       Headbutt          |    12 |    13 |    30 ||    55
  Use: Scroll            |     3 |     6 |       ||     9
       Potion            |     3 |       |       ||     3
Armor: Scale mail        |    71 |    35 |    60 ||   166
Dodge: Dodged            |    53 |    46 |    97 ||   196
Block: Buckler           |    30 |    32 |    51 ||   113
